 Dungeon Crawl Stone Soup version 0.29-a0-648-g6b26cc9f40 (webtiles) character file.

Game seed: 3157503752777259855

454596 Zonian the Vine Stalker Cataclysm (level 24, -1/129 HPs)
             Began as a Vine Stalker Ice Elementalist on June 19, 2022.
             Was a High Priest of Qazlal.
             Slain by a deep troll (14 damage)
             ... on level 1 of the Depths on June 20, 2022.
             The game lasted 05:13:05 (73395 turns).

Zonian the Vine Stalker Cataclysm (VSIE)           Turns: 73395, Time: 05:13:05

Health: -1/129     AC: 12    Str: 15    XL:     24   Next: 4%
Magic:  0/41       EV: 22    Int: 17    God:    Qazlal [*****.]
Gold:   2313       SH: 15    Dex: 21    Spells: 1/50 levels left

rFire   + . .      SeeInvis +   q - +8 demon blade (vamp)
rCold   + . .      Faith    .   Y - +2 buckler {rF+}
rNeg    . . .      Spirit   +   R - +1 robe of the Farrier {Drain rPois Slay+3 Archmagi}
rPois   +          Reflect  .   k - +2 helmet
rElec   .          Harm     .   y - +2 cloak
rCorr   .          Rampage  .   V - +2 pair of gloves
Will    +++..      Archmagi +   (no boots)
Stlth   +.........              A - amulet of regeneration
HPRegen 1.91/turn               z - +4 ring of slaying
MPRegen 0.27/turn               v - ring of the Turtledove {Slay+4 SInv}

@: protected from cold, repel missiles
A: fangs 3, regeneration 1, magic shield, antimagic bite, no potion heal 2
}: 3/15 runes: serpentine, barnacled, silver
a: Renounce Religion, Upheaval, Elemental Force, Disaster Area


You were on level 1 of the Depths.
You worshipped Qazlal.
Qazlal was extremely pleased with you.
You visited 8 branches of the dungeon, and saw 40 of its levels.
You also visited: Bailey.

You collected 5770 gold pieces.
You spent 3457 gold pieces at shops.

Inventory:

Hand Weapons
 q - a +8 vampiric demon blade (weapon)
 s - a +9 vorpal quick blade
 u - the +7 great mace "Firestarter" {inner flame, rF++}
   (You took it off a deep elf high priest on level 3 of the Elven Halls)

   It burns those it strikes, dealing additional fire damage.
   It fills those it strikes with an explosive inner flame.
   It grants immunity to clouds of flame.
   rF:        It greatly protects you from fire.
 I - the +3 halberd "Ceocipic" {vorpal, +Blink rPois Str+3 Int-5}
   (You found it on level 4 of the Shoals)

   It inflicts extra damage upon your enemies.
   Str:       It affects your strength (+3).
   Int:       It affects your intelligence (-5).
   rPois:     It protects you from poison.
   +Blink:    It lets you blink.
 N - the +3 fustibalus of Satyriasis {speed, SInv}
   (You bought it in a shop on level 1 of the Snake Pit)

   Attacks with this weapon are significantly faster.
   SInv:      It lets you see invisible.
Missiles
 x - 63 boomerangs
 C - a boomerang of dispersal
 E - 10 javelins
 H - 3 throwing nets
 O - 9 silver javelins
Armour
 k - a +2 helmet (worn)
 y - a +2 cloak (worn)
 R - the +1 robe of the Farrier (worn) {Drain rPois Slay+3 Archmagi}
   (You bought it in a shop on level 1 of the Snake Pit)

   Slay:      It affects your accuracy & damage with ranged weapons and melee
   (+3).
   rPois:     It protects you from poison.
   Drain:     It drains your maximum health when unequipped.
   Archmagi:  It increases the power of your magical spells.
 V - a +2 pair of gloves (worn)
 Y - a +2 buckler of fire resistance (worn)
Jewellery
 h - a +6 ring of dexterity
 i - a +4 ring of evasion
 m - an amulet of faith
 n - a ring of protection from fire
 v - the ring of the Turtledove (right hand) {Slay+4 SInv}
   (You took it off a deep elf demonologist on level 3 of the Elven Halls)

   [ring of slaying]

   Slay:      It affects your accuracy & damage with ranged weapons and melee
   (+4).
   SInv:      It lets you see invisible.
 z - a +4 ring of slaying (left hand)
 A - an amulet of regeneration (around neck)
 K - a +6 ring of dexterity
 W - a ring of flight
Wands
 e - a wand of flame (26)
 o - a wand of acid (16)
 w - a wand of digging (17)
 B - a wand of mindburst (9)
 F - a wand of iceblast (9)
 J - a wand of charming (14)
Scrolls
 g - a scroll of fog
 j - 6 scrolls of teleportation
 p - 6 scrolls of magic mapping
 r - a scroll of enchant armour
 D - a scroll of acquirement
 G - 2 scrolls of fear
 S - a scroll of summoning
 X - 2 scrolls of poison
Potions
 a - a potion of flight
 b - 3 potions of brilliance
 d - a potion of ambrosia
 f - a potion of haste
 l - 19 potions of curing
 t - 5 potions of berserk rage
 M - a potion of resistance
 Q - 3 potions of cancellation
 U - 2 potions of might
 Z - a potion of invisibility {unknown}
Miscellaneous
 c - a lightning rod (4/4)
 L - a condenser vane
 P - a box of beasts
 T - a phantom mirror


   Skills:
 - Level 14.0 Fighting
 - Level 8.0(8.1) Short Blades
 + Level 1.7(5.3) Long Blades
 - Level 5.0 Staves
 + Level 10.0 Slings
 - Level 2.6 Armour
 + Level 13.2 Dodging
 - Level 3.3 Stealth
 - Level 4.0 Shields
 + Level 13.9 Spellcasting
 + Level 13.8 Conjurations
 + Level 8.4 Hexes
 - Level 7.1 Necromancy
 + Level 10.7 Translocations
 + Level 1.5 Transmutations
 - Level 13.1 Ice Magic
 + Level 11.5 Air Magic
 - Level 8.5 Poison Magic
 - Level 15.2 Invocations
 + Level 10.9 Evocations


You had one spell level left.
You knew the following spells:

 Your Spells              Type           Power      Damage    Failure   Level
a - Irradiate             Conj/Tmut      27%        3d22      9%          5
b - Frozen Ramparts       Ice            100%       1d12      1%          3
c - Ozocubu's Armour      Ice            71%        N/A       1%          3
d - Hailstorm             Conj/Ice       72%        3d15      1%          4
e - Vampiric Draining     Necr           52%        2d9       1%          3
f - Mephitic Cloud        Conj/Pois/Air  66%        N/A       1%          3
g - Iskenderun's Mystic   Conj/Tloc      69%        2d14      1%          4
h - Swiftness             Air            67%        N/A       1%          3
i - Freezing Cloud        Conj/Ice/Air   35%        6-21      1%          5
j - Airstrike             Air            33%        N/A       1%          4
k - Metabolic Englaciati  Hex/Ice        32%        N/A       2%          5
l - Dispel Undead         Necr           52%        3d19      4%          4
m - Lesser Beckoning      Tloc           64%        N/A       1%          3

Your spell library contained the following spells:

 Spells                   Type           Power      Damage    Failure   Level
 Apportation              Tloc           100%       N/A       1%          1
 Foxfire                  Conj/Fire      100%       2x1d9     1%          1
 Freeze                   Ice            100%       1d11      1%          1
 Magic Dart               Conj           100%       1d8       1%          1
 Necrotize                Necr           100%       1d9       1%          1
 Shock                    Conj/Air       100%       1d9       1%          1
 Slow                     Hex            100%       N/A       1%          1
 Sting                    Tmut/Pois      100%       1d8       1%          1
 Beastly Appendage        Tmut           50%        N/A       3%          1
 Summon Small Mammal      Summ           68%        N/A       8%          1
 Ensorcelled Hibernation  Hex/Ice        100%       N/A       1%          2
 Poisonous Vapours        Pois/Air       100%       N/A       1%          2
 Searing Ray              Conj           100%       2d8       1%          2
 Sublimation of Blood     Necr           52%        N/A       1%          2
 Confusing Touch          Hex            57%        N/A       1%          3
 Dazzling Flash           Conj/Hex       100%       N/A       1%          3
 Gell's Gravitas          Tloc           64%        N/A       1%          3
 Teleport Other           Tloc           64%        N/A       1%          3
 Tukima's Dance           Hex            57%        N/A       1%          3
 Corpse Rot               Necr/Pois/Air  59%        N/A       1%          4
 Fulminant Prism          Conj/Hex       32%        3d16      1%          4
 Passage of Golubria      Tloc           64%        N/A       1%          4
 Iskenderun's Battlesphe  Conj           73%        2d12      1%          5
 Lightning Bolt           Conj/Air       35%        1d53      1%          5
 Spider Form              Tmut/Pois      43%        N/A       2%          3
 Olgreb's Toxic Radiance  Pois           57%        N/A       2%          4
 Summon Guardian Golem    Hex/Summ       39%        N/A       3%          3
 Ice Form                 Ice/Tmut       53%        N/A       3%          4
 Flame Wave               Conj/Fire      52%        2d11      4%          4
 Summon Ice Beast         Ice/Summ       50%        N/A       4%          4
 Ignite Poison            Fire/Tmut/Pois 34%        N/A       5%          3
 Wereblood                Tmut           25%        N/A       6%          2
 Summon Lightning Spire   Summ/Air       47%        N/A       7%          4
 Passwall                 Tmut/Erth      17%        N/A       8%          2
 Call Imp                 Summ           17%        N/A       11%         2
 Agony                    Necr           52%        N/A       11%         5
 Leda's Liquefaction      Hex/Erth       19%        N/A       13%         4
 Dispersal                Tloc           32%        N/A       13%         6
 Simulacrum               Ice/Necr       31%        N/A       17%         6
 Call Canine Familiar     Summ           17%        N/A       22%         3
 Summon Forest            Summ/Tloc      22%        N/A       22%         5
 Orb of Destruction       Conj           36%        9d11      22%         7
 Alistair's Intoxication  Tmut/Pois      28%        N/A       26%         5
 Yara's Violent Unravell  Hex/Tmut       21%        3d10      26%         5
 Summon Mana Viper        Hex/Summ       39%        N/A       34%         5
 Borgnjor's Vile Clutch   Necr/Erth      17%        N/A       43%         5
 Petrify                  Tmut/Erth      21%        N/A       45%         4
 Death Channel            Necr           26%        N/A       52%         6
 Iron Shot                Conj/Erth      26%        9d6       54%         6
 Starburst                Conj/Fire      26%        6d8       54%         6
 Blade Hands              Tmut           12%        N/A       71%         5
 Lee's Rapid Deconstruct  Erth           8%         3d8*      90%         5
 Spellforged Servitor     Conj/Summ      26%        N/A       98%         7
 Disjunction              Tloc           32%        N/A       99%         8
 Statue Form              Tmut/Erth      14%        N/A       100%        6
 Summon Cactus Giant      Summ           8%         N/A       100%        6
 Dragon Form              Tmut           12%        N/A       100%        7
 Monstrous Menagerie      Summ           8%         N/A       100%        7
 Summon Hydra             Summ           8%         N/A       100%        7
 Ignition                 Fire           8%         3d5       100%        8


Dungeon Overview and Level Annotations

Branches:
Dungeon (15/15)            Temple (0/1) D:6            Lair (6/6) D:9
 Shoals (4/4) Lair:3        Snake (4/4) Lair:4        Slime (0/5) Lair:5
    Orc (2/2) D:12            Elf (3/3) Orc:2        Vaults (5/5) D:14
  Crypt (0/3) Vaults:2     Depths (1/4) D:15         Bailey (visited)

Altars:
Ashenzari
Elyvilon
Makhleb
Qazlal
Ru
Sif Muna
Trog
Vehumet
Wu Jian
Yredelemnul
Beogh
Jiyva

Shops:
D:14 :   Orc:2 [=*(   Elf:1 *   Elf:3 (   Snake:1 [(   Snake:4 :=:   Vaults:2 *
Vaults:3 *(

Portals:
Hell: Depths:1

Annotations:
D:14 Roxanne


Innate Abilities, Weirdness & Mutations

You have razor-sharp teeth.
Your natural rate of healing is unusually fast.
When hurt, damage is shared between your health and your magic reserves.
Your bite disrupts and absorbs the magic of your enemies.
Potions cannot restore your health.


Message History

The bolt of cold hits you!!
* * * LOW HITPOINT WARNING * * *
You hear a sizzling sound!
Okay, then.
Okay, then.
Okay, then.
As you read the scroll of summoning, it crumbles to dust.
Wisps of shadow whirl around you... The deep troll barely misses you.
You block the deep troll's attack. x2; The frost giant is struck by lightning.
The frost giant hits you with a +0 battleaxe of freezing!
* * * LOW HITPOINT WARNING * * *
Your resistance to physical damage fades away.
You feel protected from cold. The frost giant freezes you.
* * * LOW HITPOINT WARNING * * *
The frost giant hits your fire dragon with a +0 battleaxe of freezing!!
The frost giant freezes your fire dragon.
Okay, then.
The frost giant attacks as you move away!
The frost giant completely misses you.
The frost giant hits your fire dragon but does no damage.
The deep troll attacks as you move away!
The deep troll closely misses you. You block the deep troll's attack.
The deep troll misses you.
The frost giant is struck by lightning.
The frost giant hits your fire dragon with a +0 battleaxe of freezing!
The frost giant freezes your fire dragon.
Your ettin hits the deep troll with a +0 dire flail!!
Your ettin hits the deep troll with a +0 dire flail!
Your fire dragon breathes flames at the frost giant.
The blast of flame hits the frost giant!
Aiming: Mindburst
Press: ? - help, Shift-Dir - straight line, f - deep troll
Aim: a deep troll (almost dead, ally target, chance to affect: 81%)
The deep troll barely resists.
The frost giant points at your fire dragon and mumbles some strange words.
The bolt of cold hits your fire dragon!!!
Your fire dragon is frozen!
You hear a sizzling sound!
The deep troll bites you!
You die...

..# #...#.#.# .# ..#
##.......###.#.# .#.#
..............# #.
#.#####.........#..#
..###....#.........#.##
.##......#.......°..... .
.#.......#......§.§# ...
.#.......#.....CT†C#....#
)[.....###......@DD.....#
.÷...###.#.....§###..##.#
..#.##...###...#_+ .....
))###....#.....#### ....#
..................# #...#
......####........# ...#
..................# .#.
......##.....#....#
.......#..#.##...#...


You could see a frost giant (distracted, ally target), a deep troll (ally
target), a friendly fire dragon (summoned), a friendly ice dragon (summoned) and
a friendly ettin (summoned).

Vanquished Creatures
  2 dread liches (Vaults:4)
  An ancient lich (Vaults:4)
  Mara (Vaults:5)
  Saint Roka (Snake:3)
  A golden dragon (Vaults:5)
  Jorgrun (D:14)
  3 tentacled monstrosities (Vaults:5)
  Rupert (Orc:2)
  2 liches (Vaults:5)
  A deep elf blademaster (Elf:3)
  2 deep elf master archers (Elf:3)
  6 titans
  Asterion (Depths:1)
  A kraken (Shoals:2)
  A storm dragon (Vaults:5)
  A tengu reaver (Vaults:4)
  5 sphinxes
  7 shadow dragons
  5 nagarajas
  Ilsuiw (Shoals:3)
  The ghost of Foxy the Grappler, a journeyman TrFi of Jiyva (Snake:1)
  11 deep elf sorcerers
  3 fire giants
  4 frost giants
  An imperial myrmidon (Vaults:2)
  The ghost of Hiahyf the Fighter, an adept TeBr of Ashenzari (Snake:2)
  Aizul (Snake:1)
  2 iron dragons (Vaults:5)
  21 vault wardens
  2 orc warlords
  Louise (Elf:2)
  7 deep elf elementalists (Elf:3)
  3 stone giants
  9 war gargoyles
  8 ironbound thunderhulks
  18 ironbound preservers
  14 very ugly things
  6 deep elf demonologists
  5 deep elf annihilators (Elf:3)
  Nessos (D:13)
  An entropy weaver (shapeshifter) (Vaults:5)
  An entropy weaver (Vaults:3)
  8 dire elephants
  6 ettins
  7 merfolk javelineers
  2 crystal guardians
  Josephine (D:15)
  8 merfolk impalers
  10 deep elf high priests
  2 fire dragons (Depths:1)
  8 deep elf death magi
  2 great orbs of eyes (Vaults:4)
  15 yaktaur captains
  33 vault guards
  9 hydras
  An ogre mage (Vaults:5)
  4 boulder beetles
  8 ironbound frosthearts
  2 salamander tyrants (Snake:4)
  22 centaur warriors
  2 peacekeepers
  11 anacondas
  9 alligator snapping turtles
  5 satyrs
  11 merfolk aquamancers
  21 slime creatures
  2 deep troll shamans (Depths:1)
  16 naga warriors
  The ghost of xian the Carver, a novice DrFi of Wu Jian (D:10)
  2 death knights (Vaults:2)
  4 merfolk avatars
  9 dancing weapons
  An alligator (Shoals:4)
  6 two-headed ogres
  4 tengu warriors
  4 deep troll earth magi (Depths:1)
  2 shock serpents
  5 orc high priests
  16 naga sharpshooters
  Urug (D:10)
  4 sun demons (Shoals:1)
  12 deep elf knights
  4 iron trolls (Depths:1)
  4 large abominations (Elf:1)
  4 skeletal warriors
  4 salamander mystics
  A death drake (shapeshifter) (D:13)
  A flayed ghost (Vaults:4)
  59 deep trolls
  20 sea snakes
  6 naga ritualists
  5 necromancers
  3 phantasmal warriors (Vaults:5)
  19 ironbound convokers
  7 wizards
  14 deep elf archers
  4 lindwurms
  A shadow dragon zombie (Depths:1)
  33 harpies
  9 orc knights
  16 deep elf zephyrmancers
  4 fauns (Shoals:3)
  24 deep elf pyromancers
  A wolf spider (Lair:5)
  13 manticores
  5 orc sorcerers
  8 salamanders
  10 mana vipers
  4 cyclopes
  22 ugly things
  Maurice (D:13)
  10 elephants
  15 naga magi
  10 merfolk sirens
  34 black mambas
  19 vault sentinels
  7 water nymphs
  3 guardian serpents (Snake:2)
  4 gargoyles
  2 molten gargoyles (Lair:6)
  A human skeleton (Vaults:1)
  2 unseen horror zombies (D:10)
  15 cane toads
  An unseen horror (D:12)
  A yaktaur (shapeshifter) (D:10)
  A centaur skeleton (D:15)
  A rime drake (Lair:6)
  A freezing wraith (Vaults:4)
  20 komodo dragons
  40 yaktaurs
  A kobold demonologist (D:13)
  Maggie (D:8)
  A yaktaur skeleton (Vaults:1)
  9 trolls
  2 hornets
  A wolf spider simulacrum (D:15)
  A polar bear (Lair:5)
  A wind drake (shapeshifter) (Elf:3)
  2 saltlings (Vaults:2)
  A tarantella (Vaults:3)
  11 wind drakes
  16 blink frogs
  44 merfolk
  11 snapping turtles
  4 dream sheep (Shoals:4)
  An iron dragon simulacrum (Depths:1)
  A meliai zombie (D:10)
  An ettin zombie (Vaults:1)
  A frost giant simulacrum (Vaults:1)
  A stone giant simulacrum (Depths:1)
  A spriggan (Lair:6)
  A spriggan skeleton (Depths:1)
  3 vampires
  34 yaks
  3 shadows
  2 air elementals (Elf:1)
  5 wraiths
  5 wyverns
  20 water elementals
  2 basilisks
  4 fire elementals
  A basilisk (shapeshifter) (Vaults:5)
  Eustachio (D:5)
  5 steam dragons
  14 vampire mosquitoes
  A warg (shapeshifter) (D:15)
  3 wargs
  The ghost of ytrimaz the Insei, an amateur OpTm (D:3)
  29 nagas
  3 acid dragons
  4 hell hounds (Lair:6)
  A water moccasin (shapeshifter) (D:13)
  18 water moccasins
  2 ice beasts
  39 orc warriors
  A sky beast (D:7)
  2 black bears (D:9)
  50 wolves
  10 ogres
  10 centaurs
  4 elf zombies (Elf:1)
  A phantom (D:5)
  8 kobold brigands
  2 gnoll sergeants
  3 scorpions
  9 bullfrogs
  2 earth elementals
  A necrophage (D:5)
  A wyvern zombie (D:6)
  3 water moccasin zombies (D:6)
  A wight (D:10)
  6 killer bees (D:8)
  4 howler monkeys
  7 centaur zombies
  5 lava snakes (Lair:6)
  A human zombie (D:10)
  A quasit (D:4)
  3 bullfrog zombies (D:6)
  2 hounds
  2 jellies
  17 orc priests
  3 gnoll shamans
  An iguana (D:5)
  16 orc wizards
  Ijyb (D:3)
  6 hell rats (Lair:2)
  A killer bee zombie (D:6)
  2 mummies (D:10)
  17 gnolls
  6 adders
  5 shadow imps
  A white imp (D:4)
  3 ufetubi
  The ghost of chrisa4242 the Skirmisher, a weakling OgDe (D:5)
  A worm (D:3)
  2 dart slugs
  51 orcs
  7 ball pythons
  9 bats
  7 endoplasms
  A giant cockroach (D:1)
  8 goblins
  7 hobgoblins
  4 jackals (D:1)
  24 kobolds
  2 quokkas
  A frilled lizard (D:3)
  3 rats
  4 plants (Shoals:2)
  3 tentacles (Shoals:2)
1620 creatures vanquished.

Vanquished Creatures (collateral kills)
  A golden dragon (Vaults:5)
  A vault warden (Vaults:1)
  An ironbound preserver (Vaults:5)
  A fire dragon (Lair:6)
  3 iron trolls (Depths:1)
  A deep troll (Depths:1)
  2 harpies (Vaults:2)
  A manticore (Shoals:4)
  A guardian serpent (Snake:1)
  3 yaktaurs (Vaults:1)
  2 yaks (Lair:1)
  A wolf (Lair:5)
  A wight (Vaults:2)
  A gnoll (D:9)
20 creatures vanquished.

Vanquished Creatures (others)
  A merfolk aquamancer (Shoals:4)
  An alligator (Shoals:4)
  A deep elf zephyrmancer (Elf:2)
  A black mamba (Snake:1)
  A snapping turtle (Shoals:4)
  A gnoll (D:9)
  An orc (Elf:1)
  43 fungi
  117 plants
  6 tentacles (Shoals:2)
173 creatures vanquished.

Grand Total: 1813 creatures vanquished

Notes
Turn   | Place    | Note
-------+----------+-------------------------------------------
     0 | D:1      | Zonian the Vine Stalker Ice Elementalist began the quest
                  | for the Orb.
     0 | D:1      | Reached XP level 1. HP: 9/9 MP: 4/4
   573 | D:1      | Reached XP level 2. HP: 11/13 MP: 6/6
  1253 | D:1      | Reached XP level 3. HP: 15/16 MP: 7/7
  1264 | D:1      | Learned a level 3 spell: Frozen Ramparts
  2168 | D:2      | Found a faded altar of an unknown god.
  2183 | D:2      | Prayed at the altar of an unknown god.
  2183 | D:2      | Became a worshipper of Qazlal Stormbringer
  2183 | D:2      | Reached * piety under Qazlal
  2202 | D:2      | Gained mutation: Your natural rate of healing is unusually
                  | fast. [Vine Stalker growth]
  2202 | D:2      | Reached XP level 4. HP: 21/21 MP: 9/9
  2407 | D:3      | Noticed a bullfrog
  2414 | D:3      | Noticed ytrimaz's ghost (amateur OpTm)
  2465 | D:3      | Found a transporter.
  2519 | D:3      | Found a transporter.
  2603 | D:3      | Noticed Ijyb
  2608 | D:3      | Killed Ijyb
  2609 | D:3      | Reached skill level 1 in Short Blades
  2922 | D:4      | Reached skill level 1 in Invocations
  2922 | D:4      | Reached XP level 5. HP: 24/24 MP: 6/10
  3226 | D:4      | Learned a level 3 spell: Ozocubu's Armour
  3300 | D:4      | Reached XP level 6. HP: 20/28 MP: 8/12
  3668 | D:4      | Found a radiant altar of Vehumet.
  4160 | D:5      | Entered Level 5 of the Dungeon
  4165 | D:5      | Noticed Eustachio
  4187 | D:5      | Killed Eustachio
  4188 | D:5      | Reached skill level 5 in Ice Magic
  4188 | D:5      | Reached skill level 2 in Invocations
  4363 | D:5      | HP: 1/28 [gnoll/+0 spear[a gnoll shaman] (4)]
  4603 | D:5      | Reached XP level 7. HP: 6/32 MP: 7/13
  4610 | D:5      | Reached ** piety under Qazlal
  4913 | D:5      | Reached skill level 3 in Invocations
  5205 | D:5      | Found a runed translucent door.
  5207 | D:5      | Noticed chrisa4242's ghost (weakling OgDe)
  5245 | D:5      | Gained mutation: You have razor-sharp teeth. [Vine Stalker
                  | growth]
  5245 | D:5      | Reached XP level 8. HP: 36/36 MP: 15/15
  5677 | D:5      | Noticed a yak
  5933 | D:6      | Found a staircase to the Ecumenical Temple.
  5963 | D:6      | Identified the +3 plate armour "Muat" {Rampage}
  6092 | D:6      | Reached skill level 5 in Spellcasting
  6099 | D:6      | Reached skill level 4 in Invocations
  6596 | D:6      | Found a bloodstained altar of Trog.
  6893 | D:7      | Found a flagged portal.
  6900 | Bailey   | Entered a bailey
  6932 | Bailey   | Reached XP level 9. HP: 19/39 MP: 11/18
  7029 | Bailey   | Reached *** piety under Qazlal
  7236 | Bailey   | Identified the +4 quarterstaff "Izaetu" {vorpal, Int+4}
  7263 | Bailey   | Noticed an orc knight
  7264 | Bailey   | Reached skill level 5 in Invocations
  7273 | Bailey   | Killed an orc knight
  7274 | Bailey   | Reached skill level 5 in Short Blades
  7274 | Bailey   | Reached skill level 5 in Dodging
  7455 | Bailey   | Found an iron altar of Okawaru.
  7831 | D:7      | Found a burning altar of Makhleb.
  7902 | D:7      | Noticed a troll
  7909 | D:7      | Killed a troll
  7910 | D:7      | Reached skill level 1 in Evocations
  7910 | D:7      | Reached XP level 10. HP: 20/44 MP: 5/20
  8501 | D:8      | Paralysed by a hornet for 1 turns
  8504 | D:8      | Reached skill level 1 in Staves
  8504 | D:8      | Reached skill level 6 in Invocations
  9268 | D:8      | Noticed Maggie
  9285 | D:8      | Killed Maggie
  9987 | D:8      | Found a white marble altar of Elyvilon.
 10520 | D:9      | Noticed a red ugly thing
 10541 | D:9      | Killed a red ugly thing
 10669 | D:9      | Found a staircase to the Lair.
 10674 | D:9      | Noticed an elephant
 11435 | D:9      | Learned a level 4 spell: Hailstorm
 11718 | D:10     | Entered Level 10 of the Dungeon
 11731 | D:10     | Reached XP level 11. HP: 38/47 MP: 15/23
 11807 | D:10     | Noticed xian's ghost (novice DrFi)
 11877 | D:10     | Reached skill level 1 in Conjurations
 11902 | D:10     | Found a basalt altar of Yredelemnul.
 11958 | D:10     | Reached skill level 7 in Invocations
 12419 | D:10     | Reached **** piety under Qazlal
 12539 | D:10     | Noticed Urug
 12619 | Lair:1   | Entered Level 1 of the Lair of Beasts
 13867 | Lair:1   | Learned a level 3 spell: Vampiric Draining
 14279 | Lair:2   | Reached skill level 1 in Necromancy
 14955 | Lair:2   | Reached XP level 12. HP: 50/51 MP: 25/25
 14994 | Lair:2   | Noticed an eight-headed hydra
 15008 | Lair:2   | Killed an eight-headed hydra
 15827 | Lair:3   | Reached skill level 8 in Invocations
 15891 | Lair:3   | Reached skill level 5 in Evocations
 15920 | Lair:3   | Noticed a four-headed hydra
 15927 | Lair:3   | Killed a four-headed hydra
 16448 | Lair:3   | Found a staircase to the Shoals.
 16643 | Lair:3   | Noticed a five-headed hydra
 16649 | Lair:3   | Killed a five-headed hydra
 16650 | Lair:3   | Reached skill level 5 in Staves
 17243 | Lair:4   | Identified a scroll of acquirement
 17243 | Lair:4   | Acquired a +7 quick blade
 17336 | Lair:4   | Found a staircase to the Snake Pit.
 17351 | Lair:4   | Reached ***** piety under Qazlal
 18451 | Lair:5   | Reached skill level 5 in Conjurations
 18455 | Lair:5   | Noticed an eight-headed hydra
 18473 | Lair:5   | Killed an eight-headed hydra
 18521 | Lair:5   | Reached XP level 13. HP: 37/55 MP: 17/27
 18939 | Lair:5   | Reached skill level 10 in Ice Magic
 19357 | Lair:5   | Found a viscous altar of Jiyva.
 19357 | Lair:5   | Found a staircase to the Slime Pits.
 19555 | Lair:6   | Entered Level 6 of the Lair of Beasts
 19819 | Lair:6   | Reached skill level 9 in Invocations
 19954 | Lair:6   | Found a large runed translucent door.
 19955 | Lair:6   | Found a large runed translucent door.
 19955 | Lair:6   | Noticed a fire dragon
 20128 | Lair:6   | Reached skill level 5 in Necromancy
 20465 | Lair:6   | Reached XP level 14. HP: 49/59 MP: 28/28
 20470 | Lair:6   | Reached ****** piety under Qazlal
 20719 | Lair:6   | Reached skill level 10 in Spellcasting
 21473 | D:10     | Killed Urug
 21652 | D:10     | Found a shimmering blue altar of Sif Muna.
 21821 | D:10     | Found a runed translucent gate.
 21821 | D:10     | Found a runed translucent gate.
 21821 | D:10     | Found a runed translucent gate.
 22112 | D:10     | Killed xian's ghost
 23065 | D:11     | Reached skill level 1 in Fighting
 24161 | D:12     | Found a staircase to the Orcish Mines.
 24320 | D:12     | Reached skill level 10 in Invocations
 24894 | D:12     | Found an ornate altar of the Wu Jian Council.
 25666 | D:12     | Reached XP level 15. HP: 20/68 MP: 3/30
 26557 | D:13     | Noticed Maurice
 26578 | D:13     | Killed Maurice
 27006 | D:14     | Noticed Nessos
 27381 | D:13     | Killed Nessos
 27713 | D:14     | Found a sacrificial altar of Ru.
 28016 | D:14     | Identified Roxanne's Volume of Clay
 28016 | D:14     | Noticed Roxanne
 28098 | D:14     | Found Ohaonah's Book Shoppe.
 28106 | D:14     | Bought a Trismegistus Codex for 420 gold pieces
 28110 | D:14     | Learned a level 3 spell: Mephitic Cloud
 28169 | D:14     | Found a gate to the Vaults.
 28170 | D:14     | Noticed Jorgrun
 28193 | D:14     | Killed Jorgrun
 28708 | D:15     | Entered Level 15 of the Dungeon
 28724 | D:15     | Reached skill level 5 in Fighting
 28732 | D:15     | Reached skill level 1 in Air Magic
 28875 | D:15     | Reached skill level 1 in Poison Magic
 28881 | D:15     | Noticed Josephine
 28904 | D:15     | Killed Josephine
 29267 | D:15     | Found a staircase to the Depths.
 30539 | Orc:1    | Entered Level 1 of the Orcish Mines
 30715 | Orc:2    | Entered Level 2 of the Orcish Mines
 30734 | Orc:2    | Noticed an orc warlord
 31776 | Orc:1    | Killed an orc warlord
 31977 | Orc:2    | Found Plog's Jewellery Emporium.
 32073 | Orc:2    | Reached XP level 16. HP: 70/77 MP: 26/32
 32089 | Orc:2    | Found a staircase to the Elven Halls.
 32091 | Orc:2    | Found Yfiutusaa's Antique Weapon Shoppe.
 32115 | Orc:2    | Noticed Rupert
 32130 | Orc:2    | Killed Rupert
 32297 | Orc:2    | Found Zoinaexomp's General Store.
 32305 | Orc:2    | Bought a potion of curing for 39 gold pieces
 32330 | Orc:2    | Found Byshre's Antique Armour Emporium.
 32983 | Orc:2    | Bought an amulet of magic regeneration for 390 gold pieces
 33222 | Snake:1  | Entered Level 1 of the Snake Pit
 34029 | Snake:1  | Reached skill level 11 in Invocations
 34290 | Snake:1  | Reached skill level 1 in Armour
 34575 | Snake:1  | Noticed Aizul
 34602 | Snake:1  | Killed Aizul
 34824 | Snake:1  | Found Reassaku's Firing Range.
 34829 | Snake:1  | Bought the +3 fustibalus of Satyriasis {speed, SInv} for
                  | 1068 gold pieces
 34878 | Snake:1  | Found a runed translucent door.
 34879 | Snake:1  | Noticed Foxy's ghost (journeyman TrFi)
 35612 | Snake:1  | Found Kaetuk's Armour Shop.
 36039 | Snake:2  | Found a runed translucent door.
 36039 | Snake:2  | Noticed Hiahyf's ghost (adept TeBr)
 36363 | Snake:2  | Reached skill level 1 in Slings
 37349 | Snake:1  | Bought the +1 robe of the Farrier {Drain rPois Slay+3
                  | Archmagi} for 530 gold pieces
 37364 | Snake:1  | Learned a level 4 spell: Iskenderun's Mystic Blast
 37484 | Snake:3  | Noticed Saint Roka
 37514 | Snake:3  | Killed Saint Roka
 37515 | Snake:3  | Reached skill level 1 in Translocations
 37960 | Snake:3  | Reached XP level 17. HP: 77/84 MP: 30/33
 38397 | Snake:3  | Reached skill level 10 in Dodging
 39546 | Snake:4  | Entered Level 4 of the Snake Pit
 39600 | Snake:4  | Found Lupafe Unud's Book Shop.
 39600 | Snake:4  | Found Vuhotai's Jewellery Shoppe.
 39601 | Snake:4  | Found Jironk's Book Shop.
 41397 | Snake:4  | Reached skill level 5 in Poison Magic
 41893 | Snake:4  | Reached skill level 5 in Air Magic
 43078 | Snake:4  | Got a serpentine rune of Zot
 43871 | D:3      | Killed ytrimaz's ghost
 44064 | Shoals:1 | Entered Level 1 of the Shoals
 44897 | Shoals:1 | Learned a level 3 spell: Swiftness
 44969 | Shoals:1 | Reached XP level 18. HP: 25/91 MP: 11/34
 45059 | Shoals:1 | Reached skill level 10 in Conjurations
 45595 | Shoals:1 | Reached skill level 12 in Invocations
 46036 | Shoals:1 | Learned a level 5 spell: Freezing Cloud
 48364 | Shoals:3 | Noticed Ilsuiw
 48947 | Shoals:4 | Entered Level 4 of the Shoals
 49051 | Shoals:4 | Reached skill level 10 in Evocations
 49414 | Shoals:4 | Reached skill level 5 in Slings
 49554 | Shoals:3 | Killed Ilsuiw
 49591 | Shoals:3 | Reached skill level 5 in Translocations
 49907 | Shoals:3 | Reached skill level 10 in Fighting
 50985 | Shoals:4 | Identified the +3 halberd "Ceocipic" {vorpal, +Blink rPois
                  | Str+3 Int-5}
 51050 | Shoals:4 | Reached XP level 19. HP: 51/98 MP: 2/35
 52610 | Shoals:4 | Got a barnacled rune of Zot
 52740 | Shoals:4 | Identified the +3 ring mail "Uvuicok" {Rampage Dex+3
                  | Stlth+}
 53519 | Elf:1    | Entered Level 1 of the Elven Halls
 53613 | Elf:1    | Found a radiant altar of Vehumet.
 53787 | Elf:1    | Found Jomuahoss's General Store.
 54285 | D:5      | Killed chrisa4242's ghost
 54560 | Snake:1  | Killed Foxy's ghost
 54806 | Snake:2  | Killed Hiahyf's ghost
 55448 | Elf:1    | Reached skill level 13 in Invocations
 55777 | Elf:1    | Got the Compendium of Stolen Souls
 55874 | Elf:1    | Upgraded the game from 0.29-a0-643-ga013cefcf8 to
                  | 0.29-a0-648-g6b26cc9f40
 56632 | Snake:4  | Bought a book of Sloth for 432 gold pieces
 56632 | Snake:4  | Bought a book of Storms for 384 gold pieces
 56637 | Snake:4  | Learned a level 4 spell: Airstrike
 56643 | Snake:4  | Learned a level 5 spell: Metabolic Englaciation
 57140 | Elf:2    | Found a runed translucent gate.
 57141 | Elf:2    | Found a runed translucent gate.
 57141 | Elf:2    | Found a runed translucent gate.
 57227 | Elf:2    | Reached XP level 20. HP: 105/105 MP: 36/36
 57403 | Elf:3    | Entered Level 3 of the Elven Halls
 57496 | Elf:3    | Noticed Louise
 57515 | Elf:2    | Killed Louise
 57516 | Elf:2    | Reached skill level 1 in Hexes
 58157 | Elf:3    | Found Iluosaq's Antique Weapon Emporium.
 58980 | Elf:3    | Identified the ring of Katux {Fire Str+4 Int+4 Dex+10
                  | Slay-5}
 59387 | Elf:3    | Identified the ring of the Turtledove {Slay+4 SInv}
 59391 | Elf:3    | Noticed a Brimstone Fiend
 59507 | Elf:3    | Identified the ring of Immorality {Ice Stlth+}
 60068 | Elf:3    | Noticed a Tzitzimitl
 60431 | Elf:3    | Identified the +4 lajatang of Accidental Termination
                  | {flame, Contam rPois rN+ Dex+3}
 60479 | Elf:3    | Learned a level 4 spell: Dispel Undead
 60990 | Vaults:1 | Entered Level 1 of the Vaults
 61147 | Vaults:1 | Identified the +0 chain mail of Fedhas's Displeasure {Harm
                  | rN+ Str-4}
 61620 | Vaults:1 | Identified the +3 scale mail of Veqeonim {rPois rCorr Str-3
                  | Dex-4}
 62554 | Vaults:2 | Reached XP level 21. HP: 110/112 MP: 38/38
 62937 | Vaults:2 | Found a staircase to the Crypt.
 63015 | Vaults:2 | Found Masyhat's General Store.
 63195 | Vaults:2 | You fall into a shaft and drop 1 floor!
 63380 | Vaults:3 | Reached skill level 14 in Invocations
 63396 | Vaults:3 | Reached skill level 5 in Hexes
 63440 | Vaults:3 | Found Wocasch's General Store.
 63528 | Vaults:3 | Identified the +6 scale mail of Gozag's Hope {Rampage Will+
                  | Stlth+}
 64088 | Vaults:3 | Found Edesch's Weapon Shop.
 65201 | Vaults:4 | Reached XP level 22. HP: 118/118 MP: 39/39
 65333 | Vaults:4 | Reached skill level 10 in Air Magic
 65367 | Vaults:4 | Learned a level 3 spell: Lesser Beckoning
 66491 | Vaults:4 | Found a huge runed gate.
 66491 | Vaults:4 | Found a huge runed gate.
 66491 | Vaults:4 | Found a huge runed gate.
 66493 | Vaults:4 | Found a huge runed gate.
 66494 | Vaults:4 | Found a huge runed gate.
 66495 | Vaults:4 | Found a huge runed gate.
 66495 | Vaults:4 | Found a huge runed gate.
 66495 | Vaults:4 | Found a huge runed gate.
 66495 | Vaults:4 | Found a huge runed gate.
 66497 | Vaults:4 | Found a huge runed gate.
 66497 | Vaults:4 | Found a huge runed gate.
 66497 | Vaults:4 | Found a huge runed gate.
 66497 | Vaults:4 | Found a huge runed gate.
 66497 | Vaults:4 | Found a huge runed gate.
 66497 | Vaults:4 | Found a huge runed gate.
 66498 | Vaults:4 | Found a huge runed gate.
 66499 | Vaults:4 | Found a huge runed gate.
 66500 | Vaults:4 | Found a huge runed gate.
 66505 | Vaults:4 | Noticed an ancient lich
 66505 | Vaults:4 | Noticed a dread lich
 66505 | Vaults:4 | Noticed a dread lich
 66860 | Vaults:4 | Killed a dread lich
 67008 | Vaults:4 | Killed a dread lich
 67045 | Vaults:4 | Killed an ancient lich
 67384 | Vaults:5 | Entered Level 5 of the Vaults
 67678 | Vaults:5 | Reached skill level 1 in Shields
 67698 | Vaults:5 | Noticed a golden dragon
 67703 | Vaults:5 | Killed a golden dragon
 67819 | Vaults:5 | Reached XP level 23. HP: 87/123 MP: 41/41
 67887 | Vaults:5 | Reached skill level 10 in Translocations
 67891 | Vaults:5 | Noticed Mara
 67935 | Vaults:5 | Noticed a golden dragon
 68356 | Vaults:5 | Killed a golden dragon
 68528 | Vaults:5 | Reached skill level 15 in Invocations
 69016 | Vaults:5 | Identified the +1 robe "Sisopp" {Rampage}
 70007 | Vaults:5 | Identified the +4 plate armour of Lugonu's Hatred {Dex+2}
 70038 | Vaults:5 | Killed Mara
 70978 | Vaults:5 | Got a silver rune of Zot
 71201 | Vaults:5 | Got the Compendium of Heat
 71457 | Vaults:2 | Bought a scroll of enchant weapon for 97 gold pieces
 71457 | Vaults:2 | Bought a scroll of enchant weapon for 97 gold pieces
 71980 | Elf:3    | Learned a level 5 spell: Irradiate
 72561 | Depths:1 | Entered Level 1 of the Depths
 72631 | Depths:1 | Noticed Asterion
 72650 | Depths:1 | Killed Asterion
 72661 | Depths:1 | Reached skill level 1 in Long Blades
 72734 | Depths:1 | Reached skill level 1 in Transmutations
 73086 | Depths:1 | Reached XP level 24. HP: 105/129 MP: 33/41
 73180 | Depths:1 | Found a gateway to Hell.
 73353 | Depths:1 | Found a broken altar of Ashenzari.
 73392 | Depths:1 | Reached skill level 10 in Slings
 73395 | Depths:1 | Slain by a deep troll

Illustrated notes

Levels and vault maps discovered:
D:1:      zelgadis_glass_arrival_small, layout_loops_cross, serial_bayou,
          serial_bayou_shore_a, serial_bayou_lagoon_b, serial_bayou_pond_b,
          serial_bayou_lake_a, minivault_27
D:2:      layout_loops_ring, dreamdust_ecumenical_altar_statues
D:3:      layout_rooms, gammafunk_ghost_arena, uniq_ijyb
D:4:      layout_layer_cave, lemuel_crystal_altar, serial_demonic,
          serial_demonic_b, serial_demonic_d, serial_demonic_c,
          serial_demonic_b, roderic_roman_lattice
D:5:      layout_loops_cross, ebering_ghost_inner_flame, st_stairs_12,
          uniq_eustachio
D:6:      layout_loops_ring, mainiacjoe_overflow_concentric_impassable,
          minmay_temple_entry_offerings, serial_undead, serial_undead_f,
          serial_undead_b, serial_undead_f, serial_undead_f,
          hangedman_decor_clover_reticule, minmay_misc_feat_doors
D:7:      layout_loops_cross, kennysheep_little_box, enter_bailey_3
D:8:      layout_loops_ring, elyvilon_altar_1, uniq_maggie
D:9:      layout_stronghold, david_lair_generic
D:10:     layout_irregular_city, led_sif_pool,
          lemuel_mausoleum_altar_yredelemnul, gammafunk_ghost_split, uniq_urug
D:11:     layout_stronghold
D:12:     layout_stronghold, david_orc_1_choice,
          pdpol_wu_jian_five_deadly_venoms
D:13:     layout_cross, uniq_maurice
D:14:     layout_basic, david_vaults_1, hangedman_decor_points, serial_shops,
          nicolae_shop_temple_entry_statues_fountains,
          nicolae_ru_great_annihilating_truth, uniq_roxanne, uniq_nessos,
          uniq_jorgrun
D:15:     grunt_enter_depths_magical_seal, layout_layer_cave, nrook_mini_vaults,
          hangedman_glass_teeth, hangedman_abyss_or_decor_clamps, uniq_josephine
Lair:1:   layout_regular_city, minmay_stone_trees_large
Lair:2:   layout_cave_pods, chequers_serial_rivers_micro_b
Lair:3:   cheibrodos_lair_river_kwai, layout_chaotic_city,
          minmay_shoals_entry_lonely_mermaid
Lair:4:   layout_layer_cave, dummy_snake_entry, lemuel_fruit_tree,
          infiniplex_staircase_pool_2
Lair:5:   layout_regular_city, dpeg_slime_entry_enclosed_altar,
          hangedman_lair_unloving_vines, nicolae_lair_run_with_the_wolves
Lair:6:   cheibrodos_lair_end_hotspot, layout_concentric_octagons,
          grunt_forest_large_clearings
Shoals:1: cheibrodos_shoals_three_sisters, layout_shoals,
          nicolae_shoals_sun_and_surf
Shoals:2: layout_shoals
Shoals:3: layout_shoals, uniq_ilsuiw
Shoals:4: shoals_end_simple, layout_shoals, shoals_ilsuiw_alternative,
          nicolae_shoals_lost_giant_amphitheater, nicolae_shoals_goliath_grotto
Snake:1:  layout_layer_cave, serial_shops, nicolae_shop_hallway_plus,
          gammafunk_ghost_grave, nicolae_shop_firing_range, grunt_megastairs_1,
          uniq_aizul
Snake:2:  layout_chambers, gammafunk_ghost_grave
Snake:3:  layout_grid_maze, uniq_saint_roka
Snake:4:  snake_pit, layout_cave_town, minmay_shop_grove
Orc:1:    layout_caves, nicolae_orc_lava_room
Orc:2:    grunt_orc_gardens, layout_caves, grunt_orc_garden, grunt_orc_garden,
          grunt_orc_garden, grunt_orc_garden, basic_altar, uniq_rupert
Elf:1:    eino_elf_arrival_altar, layout_geoelf_octagon, serial_shops,
          nicolae_square_shop, minmay_elf_necromancy
Elf:2:    nicolae_elf_blades_crystal_corner, layout_geoelf_grid, drop_trap
Elf:3:    minmay_elf_hall_x, layout_loops_cross, serial_shops, shop, uniq_louise
Vaults:1: grunt_vaults_funnel, v_misc_29, vaults_dpeg_cross,
          nicolae_vaults_little_squares_1, vaults_mumra_lcd, v_misc_14,
          nicolae_vaults_big_ls, ontoclasm_vaults_chip, v_misc_19,
          nicolae_vaults_gold_heap, vaults_room_stairs_pillars,
          nicolae_vaults_little_squares_3, v_alt_pattern_3, v_misc_26,
          nicolae_vaults_ring_of_whatevers, layout_vaults_omnibox
Vaults:2: portal_desolation_entry_salt, nicolae_vaults_network_quinsquares
          [nicolae_vaults_network_quincunx_subvault,
          nicolae_vaults_network_quincunx_subvault,
          nicolae_vaults_network_quincunx_subvault,
          nicolae_vaults_network_quincunx_subvault], v_misc_29,
          blue_anna_dwarven_crypt, v_pattern_1, st_lattice,
          nicolae_vaults_border_crossing, ontoclasm_vaults_decontamination,
          nicolae_vaults_network_barrier, hangedman_vaults_river_flow,
          nicolae_vaults_circle_grid_a, ontoclasm_vaults_ligature,
          nicolae_vaults_little_squares_5, vaults_dpeg_diagonal,
          layout_vaults_ring, serial_shops, shop
Vaults:3: v_rooms_3, v_rooms_1, vaults_room_corners, vaults_room_octagon,
          vaults_standard_mumra_enter_the_diamond, v_misc_10,
          nicolae_vaults_stairing_the_circle, v_misc_19,
          vaults_room_mumra_shop_pool, hangedman_vaults_impose,
          layout_vaults_maze, serial_shops, nicolae_shop_statue_plus
Vaults:4: hangedman_vaults_variations, vaults_mumra_hex, v_rooms_5,
          ontoclasm_vaults_shuriken, ontoclasm_vaults_gateway, v_misc_8,
          v_misc_9, v_misc_28, v_misc_30, door_vault, v_alt_pattern_1,
          layout_vaults_big_cross
Vaults:5: uniq_mara
Depths:1: layout_honeycomb, hell_entry, nicolae_trove_entry_isolated,
          hangedman_decor_push, hangedman_abyss_entry_splay,
          hangedman_feature_mirror, ashenzari_conservatory_becter, uniq_asterion

Skill      XL: |  1  2  3  4  5  6  7  8  9 10 11 12 13 14 15 16 17 18 19 20 21 22 23 24 |
---------------+-------------------------------------------------------------------------+-----
Stealth        | 3 |  3.3
Dodging        | 2 3 4 5 6 7 8 9 10 11 12 13 | 13.2
Short Blades   | 1 2 3 4 5 6 7 8 |  8.0
Spellcasting   | 3 4 5 6 7 8 9 10 11 12 13 | 13.9
Invocations    | 1 2 3 4 5 6 7 8 9 10 11 12 13 14 15 | 15.2
Ice Magic      | 5 6 7 8 9 10 11 12 13 | 13.1
Evocations     | 1 3 4 5 6 7 8 9 10 | 10.9
Staves         | 2 4 5 |  5.0
Conjurations   | 3 5 6 7 8 9 10 11 12 13 | 13.8
Necromancy     | 1 4 5 6 7 |  7.1
Fighting       | 3 5 7 8 10 11 12 13 14 | 14.0
Air Magic      | 2 4 5 6 7 9 10 11 | 11.5
Poison Magic   | 2 4 5 6 7 8 |  8.5
Armour         | 2 |  2.6
Slings         | 1 3 5 6 7 8 9 10 | 10.0
Translocations | 1 3 5 6 7 9 10 | 10.7
Hexes          | 3 5 7 8 |  8.4
Shields        | 1 3 4 |  4.0
Long Blades    | 1 |  1.7
Transmutations | 1 |  1.5

Action                   |  1- 3 |  4- 6 |  7- 9 | 10-12 | 13-15 | 16-18 | 19-21 | 22-24 || total
-------------------------+-------+-------+-------+-------+-------+-------+-------+-------++-------
Melee: Unarmed           |    37 |       |       |       |       |       |       |       ||    37
       Bite              |    25 |    25 |   115 |   244 |   790 |   870 |   881 |   787 ||  3737
       Punch             |     1 |       |     6 |    12 |    35 |    33 |    47 |    33 ||   167
       Dagger            |    47 |   119 |   309 |    45 |       |       |       |       ||   520
       Quarterstaff      |       |       |    10 |   120 |    57 |       |       |       ||   187
       Short sword       |       |       |       |   345 |       |       |       |       ||   345
       Quick blade       |       |       |       |    74 |  1572 |  1786 |  1532 |  1222 ||  6186
       Demon blade       |       |       |       |       |       |       |       |    22 ||    22
 Fire: Hunting sling     |       |       |       |       |     3 |     5 |       |       ||     8
       Fustibalus        |       |       |       |       |       |   194 |   250 |   105 ||   549
Throw: Boomerang         |       |       |     5 |     1 |       |     1 |       |       ||     7
       Throwing net      |       |       |       |       |     1 |     3 |     2 |     2 ||     8
       Javelin           |       |       |       |       |       |     5 |       |       ||     5
       Dart              |       |       |       |       |       |     1 |       |       ||     1
 Cast: Freeze            |     8 |       |       |       |       |     2 |       |       ||    10
       Frozen Ramparts   |       |     3 |    10 |    29 |    38 |    34 |    17 |     4 ||   135
       Ozocubu's Armour  |       |       |     6 |     6 |     8 |     3 |     2 |     9 ||    34
       Hailstorm         |       |       |       |     2 |    10 |    72 |    23 |     2 ||   109
       Vampiric Draining |       |       |       |     1 |       |    29 |     6 |       ||    36
       Mephitic Cloud    |       |       |       |       |     6 |    25 |    22 |     4 ||    57
       Iskenderun's Myst |       |       |       |       |       |    14 |    11 |    12 ||    37
       Freezing Cloud    |       |       |       |       |       |     9 |    10 |       ||    19
       Airstrike         |       |       |       |       |       |       |    32 |       ||    32
       Metabolic Englaci |       |       |       |       |       |       |    15 |    13 ||    28
       Lesser Beckoning  |       |       |       |       |       |       |       |    41 ||    41
       Dispel Undead     |       |       |       |       |       |       |       |     7 ||     7
Invok: Upheaval          |       |       |     3 |       |    13 |    24 |     2 |    10 ||    52
       Elemental Force   |       |       |       |     1 |     2 |     1 |     2 |     2 ||     8
       Disaster Area     |       |       |       |       |     3 |       |     1 |     3 ||     7
Evoke: Wand              |       |       |     4 |    10 |    12 |    40 |     7 |    14 ||    87
       Phantom mirror    |       |       |       |       |     1 |     1 |       |       ||     2
       Condenser vane    |       |       |       |       |       |       |     2 |       ||     2
       Lightning rod     |       |       |       |       |       |       |     1 |     2 ||     3
  Use: Scroll            |       |    13 |     4 |     4 |    15 |    21 |     9 |    22 ||    88
       Potion            |       |     1 |       |     2 |     5 |    12 |     2 |     9 ||    31
 Stab: Sleeping          |     8 |       |       |       |       |       |       |       ||     8
       Distracted        |       |       |       |     3 |       |       |       |       ||     3
       Confused          |       |       |       |       |     9 |     6 |    20 |     1 ||    36
       Paralysed         |       |       |       |       |     1 |       |     3 |     1 ||     5
       Held in net/web   |       |       |       |       |       |     9 |     1 |     1 ||    11
Armor: Robe              |    13 |    19 |    37 |    38 |   107 |    70 |    94 |   106 ||   484
       Swamp dragon scal |       |       |       |       |       |    23 |       |       ||    23
Dodge: Dodged            |    66 |   104 |   233 |   485 |   700 |   946 |   682 |   459 ||  3675
       Repelled          |       |       |       |     1 |    12 |    38 |    18 |     9 ||    78
Block: Other             |       |    15 |    25 |   112 |   242 |   221 |   260 |   150 ||  1025
       Orb               |       |       |       |       |    23 |       |       |       ||    23
       Buckler           |       |       |       |       |       |       |       |    99 ||    99

Table legend: (Time is in decaauts)
 A = Elapsed time spent in this place.
 B = Non-inter-level travel time spent in this place.
 C = Inter-level travel time spent in this place.
 D = Time resting spent in this place.
 E = Time spent auto-exploring this place.
 F = Levels seen in this place.
 G = Mean time per level.
                   A        B        C        D        E       F      G
               +--------+--------+--------+--------+--------+-----+--------+
         Total |  69365 |  63022 |   6343 |  24928 |  24500 |  41 | 1691.8 |
       Dungeon |  22637 |  20114 |   2523 |   6917 |  10056 |  15 | 1509.1 |
          Lair |   9529 |   8550 |    979 |   3016 |   4312 |   6 | 1588.2 |
        Shoals |   8691 |   8491 |    200 |   4170 |   1704 |   4 | 2172.8 |
     Snake Pit |   9691 |   8819 |    872 |   3890 |   3153 |   4 | 2422.8 |
  Orcish Mines |   2742 |   2170 |    572 |   1032 |    794 |   2 | 1371.0 |
   Elven Halls |   5213 |   4709 |    504 |   2044 |    893 |   3 | 1737.7 |
        Vaults |   9531 |   8841 |    690 |   3168 |   3323 |   5 | 1906.2 |
        Depths |    714 |    714 |      0 |    292 |    248 |   1 |  714.0 |
        Bailey |    613 |    613 |      0 |    397 |     16 |   1 |  613.0 |
               +--------+--------+--------+--------+--------+-----+--------+

Top non-repeatable levels by time:
 Snake:3: 3447 daAuts
Vaults:5: 3152 daAuts
   Elf:3: 3005 daAuts
Vaults:4: 2540 daAuts
 Snake:4: 2444 daAuts
Shoals:4: 2421 daAuts
    D:12: 2415 daAuts
 Snake:1: 2350 daAuts
Shoals:3: 2318 daAuts
    D:10: 2148 daAuts
Shoals:2: 1988 daAuts
     D:8: 1972 daAuts
Shoals:1: 1962 daAuts
  Lair:3: 1893 daAuts
  Lair:4: 1864 daAuts
